 Dungeon Crawl Stone Soup version 0.19-a0-1096-g8280678 (webtiles) character file.

1522 Akrasiac the Cleaver (level 9, 0/88 (91) HPs)
             Began as a Human Gladiator on Aug 7, 2016.
             Slain by an orc warrior
             ... wielding a +0 war axe
              (16 damage)
             ... on level 6 of the Dungeon.
             The game lasted 00:08:49 (5313 turns).

Akrasiac the Cleaver (Human Gladiator)              Turns: 5313, Time: 00:08:49

HP:   0/88 (91)     AC: 24    Str: 18 (19) XL:     9   Next: 10%
MP:   9/9           EV:  2    Int:  6 (9)  God:
Gold: 410           SH:  0    Dex: 11 (13) Spells: 0 memorised, 8 levels left

rFire  + . .     SeeInvis .     a - +2 hand axe (freeze)
rCold  . . .     Gourm    .     (armour currently unavailable)
rNeg   + + +     Faith    .     (no shield)
rPois  +         Spirit   .     (helmet currently unavailable)
rElec  .         Dismiss  .     (cloak currently unavailable)
rCorr  .         Reflect  .     (gloves currently unavailable)
SustAt .         Harm     .     (boots currently unavailable)
MR     .....     NoTele   +     y - amulet of regeneration
Stlth  +.........               D - ring of poison resistance
                                p - ring of protection from fire

@: tree-form
A: no striking features
a: no special abilities


You were on level 6 of the Dungeon.
You were not hungry.
You were a tree.
You visited 1 branch of the dungeon, and saw 6 of its levels.

You collected 410 gold pieces.

Inventory:

Hand Weapons
 a - a +2 hand axe of freezing (weapon)
 b - a +1 dagger of venom
 j - a +0 war axe
 E - a cursed +0 whip
 G - a +1 dagger of draining
Missiles
 d - 3 throwing nets
 g - 4 javelins (quivered)
 h - 13 poisoned needles
Armour
 c - a +0 helmet (melded)
 r - a +0 buckler
 A - a +0 cloak (melded)
 B - a +0 plate armour (melded)
 L - a +0 pair of gloves (melded)
Magical Staves
 I - an uncursed staff of summoning {unknown}
 T - an uncursed staff of cold {unknown}
Jewellery
 p - a ring of protection from fire (left branch)
 y - an amulet of regeneration (around neck)
 D - a ring of poison resistance (right branch)
 F - a +2 ring of evasion {unknown}
 K - an uncursed ring of ice
 Q - an uncursed ring of sustain attributes
Wands
 O - a wand of flame (26/48)
Scrolls
 i - a scroll of fear {unknown}
 o - a scroll of random uselessness {unknown}
 q - 4 scrolls of identify {unknown}
 v - a scroll of enchant weapon {unknown}
 z - a scroll of remove curse {unknown}
 M - a scroll of enchant armour {unknown}
 N - a scroll of teleportation {unknown}
 R - a scroll of amnesia {unknown}
 S - a scroll of magic mapping {unknown}
Potions
 e - 3 potions of agility {unknown}
 l - 2 potions of cancellation {unknown}
 m - 3 potions of heal wounds {unknown}
 n - 2 potions of brilliance {unknown}
 u - a potion of curing {unknown}
 J - a potion of degeneration
 P - a potion of cure mutation
Comestibles
 f - 7 bread rations
 t - 4 beef jerkies
 w - 4 meat rations
 x - a chunk of flesh
 C - 24 fruits
 H - a slice of pizza


   Skills:
 - Level 2.0 Fighting
 + Level 11.0 Axes
 - Level 2.0 Throwing
 - Level 3.0 Dodging


You had 8 spell levels left.
You didn't know any spells.

Dungeon Overview and Level Annotations

Branches:
Dungeon (6/15)
 Temple: D:4-7

Altars:
Cheibriados
Okawaru
Ru
Uskayaw

Annotations:
D:3 exclusion: downstairs


Message History

The orc warrior hits you but does no damage.
You closely miss the orc warrior.
The orc warrior is moderately wounded.
You closely miss the orc wizard.
The orc wizard hits you but does no damage.
You are electrocuted!
* * * LOW HITPOINT WARNING * * *
Unknown command.
You hit the orc warrior but do no damage.
The orc warrior is moderately wounded.
You slash the orc wizard! You freeze the orc wizard.
You kill the orc wizard!
The orc warrior hits you with a war axe.
* * * LOW HITPOINT WARNING * * *
You hit the orc warrior. You freeze the orc warrior.
The orc warrior is moderately wounded.
You hit the orc warrior. You freeze the orc warrior.
The orc warrior is heavily wounded.
The orc warrior hits you with a war axe!
You die...

#.# #............
#.# ######o.####.
#># #...)..# #.. #(#
#.##)..# #.. #.#
#.#....###.. #.#
#.#.......o. #.#
#.##########
#[#######.#.........
#.)♣o.....#.########
######<.........#
######.###.#### #.#
#..... #.# ######
#######.######
#............#
#.##..#...##.# #
#.##.#_#..##.# #


You could see an orc warrior.

Vanquished Creatures
  A hippogriff (D:6)
  An ice beast (D:5)
  A necrophage (D:5)
  An ogre (D:4)
  5 giant frogs
  2 scorpions
  5 wights
  A quasit (D:5)
  2 hounds
  6 orc wizards
  2 worker ants
  Robin (D:2)
  3 adders
  4 gnolls
  A howler monkey skeleton (D:4)
  An ooze (D:1)
  An adder skeleton (D:4)
  An adder zombie (D:6)
  3 worms
  A dart slug (D:1)
  9 giant geckos
  9 orcs
  A ball python (D:4)
  6 giant cockroaches
  17 goblins
  11 hobgoblins
  3 jackals (D:2)
  4 kobolds
  A quokka (D:4)
  5 bats
  A giant cockroach zombie (D:6)
  5 giant newts
  A jackal skeleton (D:4)
  8 rats
124 creatures vanquished.

Notes
Turn   | Place    | Note
-------+----------+-------------------------------------------
     0 | D:1      | Akrasiac the Human Gladiator began the quest for the Orb.
     0 | D:1      | Reached XP level 1. HP: 16/16 MP: 1/1
   204 | D:1      | Reached XP level 2. HP: 20/22 MP: 2/2
   699 | D:1      | Reached skill level 4 in Axes
   699 | D:1      | Reached XP level 3. HP: 26/27 MP: 3/3
   992 | D:1      | Reached XP level 4. HP: 13/33 MP: 4/4
  1526 | D:2      | Reached skill level 5 in Axes
  1556 | D:2      | Noticed Robin
  1580 | D:2      | Killed Robin
  1580 | D:2      | Reached XP level 5. HP: 14/38 MP: 5/5
  2622 | D:3      | Found a sacrificial altar of Ru.
  2630 | D:3      | Became a worshipper of Ru the Awakened
  3092 | D:4      | Reached skill level 6 in Axes
  3099 | D:4      | Reached XP level 6. HP: 38/44 MP: 6/6
  3217 | D:4      | Reached skill level 7 in Axes
  3243 | D:4      | Reached XP level 7. HP: 50/50 MP: 7/7
  3283 | D:4      | Found a hide-covered altar of Uskayaw.
  3571 | D:4      | Fell from the grace of Ru
  3708 | D:4      | Reached skill level 8 in Axes
  3899 | D:5      | Entered Level 5 of the Dungeon
  4209 | D:5      | Reached XP level 8. HP: 54/54 MP: 8/8
  4301 | D:5      | Reached skill level 9 in Axes
  4558 | D:5      | Reached skill level 10 in Axes
  4641 | D:6      | Found a snail-covered altar of Cheibriados.
  4861 | D:6      | Found an iron altar of Okawaru.
  5076 | D:6      | Reached XP level 9. HP: 43/59 MP: 9/9
  5214 | D:6      | Reached skill level 11 in Axes
  5313 | D:6      | Slain by an orc warrior

Vault maps used:
D:1:      dpeg_arrival_line_fractal
D:2:      kennysheep_goblin_castle, first_bread
D:3:      dk_vineyard_1, nicolae_ru_awakened_eye
D:4:      nicolae_overflow_hidden_temple
D:6:      okawaru_metal_pillars_1_2, overflow_temple_1_default,
          minmay_fountain_box

Skill      XL: |  1  2  3  4  5  6  7  8  9 |
---------------+----------------------------+-----
Axes           | 4 5 6 7 8 10 11 | 11.0
Fighting       | |  2.0
Throwing       | |  2.0
Dodging        | |  3.0

Action                   |  1- 3 |  4- 6 |  7- 9 || total
-------------------------+-------+-------+-------++-------
Melee: War axe           |     6 |       |    19 ||    25
       Hand axe          |    42 |   150 |   210 ||   402
Throw: Javelin           |       |       |     3 ||     3
Invok: Renounce Religion |       |       |     1 ||     1
  Use: Potion            |       |       |     4 ||     4
 Stab: Sleeping          |     1 |       |       ||     1
  Eat: Chunk             |       |     7 |     7 ||    14
Armor: Leather armour    |     6 |    10 |       ||    16
       Ring mail         |       |    27 |       ||    27
       Plate armour      |       |    29 |   133 ||   162
       Skin              |       |       |    11 ||    11
Dodge: Dodged            |    27 |    85 |    59 ||   171
